 Dungeon Crawl Stone Soup version 0.30-a0-263-ge22c4ad894 (webtiles) character file.

Game seed: 17461679616245570854

12800 funkygono the Thaumaturge (level 11, -5/56 HPs)
             Began as a Gargoyle Fire Elementalist on Oct 12, 2022.
             Was a Priest of Vehumet.
             Killed from afar by a gargoyle (19 damage)
             ... with a stone arrow
             ... on level 11 of the Dungeon on Oct 13, 2022.
             The game lasted 00:28:32 (13724 turns).

funkygono the Thaumaturge (GrFE)                   Turns: 13724, Time: 00:28:33

Health: -5/56      AC: 20    Str: 11    XL:     11   Next: 99%
Magic:  4/26       EV: 13    Int: 27    God:    Vehumet [***...]
Gold:   1336       SH:  5    Dex: 10    Spells: 17/32 levels left

rFire   + . .      SeeInvis .    l - +2 morningstar
rCold   x . .      Faith    .    (no shield)
rNeg    + . .      Spirit   .    z - +1 steam dragon scales
rPois   ∞          Reflect  +    (no helmet)
rElec   +          Harm     .    w - +1 cloak
rCorr   .          Rampage  .    I - +1 pair of gloves
Will    .....                    i - +1 pair of boots
Stlth   +.........               g - amulet of reflection
HPRegen 0.29/turn                f - +6 ring of intelligence
MPRegen 0.20/turn                d - ring "Peecseip" {Fire rPois Slay+2 Stlth-}

@: studying Unarmed Combat
A: sickness immunity, AC +8, negative energy resistance 1, electricity
resistance, torment resistance 1, petrification resistance
a: Renounce Religion


You were on level 11 of the Dungeon.
You worshipped Vehumet.
Vehumet was most pleased with you.
You visited 2 branches of the dungeon, and saw 12 of its levels.

You collected 1364 gold pieces.
You spent 28 gold pieces at shops.

Inventory:

Hand Weapons
 e - a +0 mace
 l - a +2 morningstar (weapon)
 v - a +4 quarterstaff of chaos
 y - a +0 spectral quarterstaff
 J - a +1 mace of venom
 O - a +2 whip of electrocution
 Q - the +6 mace of Duty {antimagic, rN+ Int+5}
   (You found it on level 11 of the Dungeon)

   It reduces the magical energy of the wielder, and disrupts the spells and
   magical abilities of those it strikes.
   Natural abilities and divine invocations are not affected.
   Int:       It affects your intelligence (+5).
   rN:        It protects you from negative energy.
 R - a +2 flail of holy wrath
Armour
 a - a +0 robe
 i - a +1 pair of boots (worn)
 w - a +1 cloak (worn)
 z - +1 steam dragon scales (worn)
 F - a +2 chain mail of fire resistance
 G - the +5 scale mail of Unambiguity {Will+ Dex-5 SInv}
   (You found it on level 9 of the Dungeon)

   Dex:       It affects your dexterity (-5).
   SInv:      It lets you see invisible.
   Will:      It increases your willpower.
 I - a +1 pair of gloves (worn)
Jewellery
 d - the ring "Peecseip" (right hand) {Fire rPois Slay+2 Stlth-}
   (You acquired it on level 2 of the Dungeon)

   [ring of fire]

   It enhances your fire magic.
   Slay:      It affects your accuracy & damage with ranged weapons and melee
   (+2).
   rF:        It protects you from fire.
   rC:        It makes you vulnerable to cold.
   rPois:     It protects you from poison.
   Stlth:     It makes you less stealthy.
 f - a +6 ring of intelligence (left hand)
 g - an amulet of reflection (around neck)
 m - a +6 ring of strength
 C - a ring of protection from cold
 D - a ring of flight
 E - a ring of see invisible
 H - the amulet of Equivalence {Spirit rPois}
   (You found it on level 10 of the Dungeon)

   [amulet of guardian spirit]

   It causes incoming damage to be divided between your reserves of health and
   magic.
   rPois:     It protects you from poison.
Wands
 n - a wand of flame (69)
 q - a wand of light (16)
 x - a wand of digging (1)
 A - a wand of paralysis (13)
Scrolls
 s - 3 scrolls of teleportation
 B - 3 scrolls of blinking
 M - a scroll of magic mapping
 P - a scroll of amnesia
Potions
 b - 2 potions of magic
 c - 2 potions of brilliance
 h - 5 potions of curing
 j - 2 potions of haste
 k - 3 potions of invisibility
 o - a potion of heal wounds
 p - 3 potions of ambrosia
 r - 2 potions of cancellation
 t - 2 potions of lignification
 u - a potion of attraction
 K - a potion of mutation
Miscellaneous
 L - a condenser vane
 N - a box of beasts


   Skills:
 + Level 1.4 Fighting
 + Level 3.3 Maces & Flails
 + Level 4.1 Dodging
 - Level 2.1 Stealth
 + Level 2.8 Shields
 + Level 11.2 Spellcasting
 + Level 8.2 Conjurations
 + Level 10.1 Fire Magic
 + Level 4.8 Earth Magic
 * Level 1.5 Poison Magic
 + Level 0.1 Evocations


You had 17 spell levels left.
You knew the following spells:

 Your Spells              Type           Power      Damage    Failure   Level
a - Foxfire               Conj/Fire      100%       2x1d9     1%          1
b - Scorch                Fire           100%       2d10      1%          2
c - Kindle Blastsparks    Fire/Tloc/Air  100%       2d18      1%          3
d - Flame Wave            Conj/Fire      77%        2d17      1%          4
e - Sandblast             Erth           82%        2d17      1%          1
f - Olgreb's Toxic Radia  Pois           23%        N/A       5%          4

Your spell library contained the following spells:

 Spells                   Type           Power      Damage    Failure   Level
 Frozen Ramparts          Ice            30%        1d5       3%          3
 Momentum Strike          Conj/Tloc      74%        3d10      1%          2
 Inner Flame              Hex/Fire       59%        N/A       1%          3
 Apportation              Tloc           30%        N/A       3%          1
 Necrotise                Necr           60%        1d7       3%          1
 Summon Small Mammal      Summ           60%        N/A       3%          1
 Blink                    Tloc           30%        N/A       6%          2
 Ensorcelled Hibernation  Hex/Ice        30%        N/A       6%          2
 Spider Form              Tmut/Pois      19%        N/A       9%          3
 Call Canine Familiar     Summ           15%        N/A       12%         3
 Lesser Beckoning         Tloc           30%        N/A       12%         3
 Portal Projectile        Hex/Tloc       30%        N/A       12%         3
 Tukima's Dance           Hex            15%        N/A       12%         3
 Leda's Liquefaction      Hex/Erth       14%        N/A       14%         4
 Anguish                  Hex/Necr       7%         N/A       36%         4
 Ignition                 Fire           40%        3d12      65%         8
 Blade Hands              Tmut           7%         N/A       71%         5
 Ozocubu's Refrigeration  Ice            7%         4d9       99%         7


Dungeon Overview and Level Annotations

Branches:
Dungeon (11/15)            Temple (1/1) D:7            Lair (0/5) D:11
    Orc: D:9-12

Altars:
Ashenzari
Cheibriados
Dithmenos
Elyvilon
Fedhas
Gozag
Hepliaklqana
Kikubaaqudgha
Makhleb
Nemelex Xobeh
Okawaru
Qazlal
Ru
Sif Muna
Trog
Uskayaw
Vehumet
Wu Jian
Xom
Yredelemnul
Zin
The Shining One

Shops:
D:7 *   D:9 *   D:10 *

Annotations:
D:9 2 transporters, exclusions: 2 ice statues and oklob plant, Supernova1's ghost, novice MiBe


Innate Abilities, Weirdness & Mutations

You are immune to sickness and miasma.
Your stone body is resilient. (AC +8)
You are immune to poison.
You resist negative energy. (rN+)
You are resistant to electric shocks. (rElec)
You are resistant to unholy torment.
You are immune to petrification.


Message History

Casting: Sandblast (safe; 1% risk of failure)
Confirm with . or Enter, or press ? or * to list all spells.
Aiming: Sandblast (safe; 1% risk of failure)
Press: ? - help, Shift-Dir - straight line, f/p - gargoyle
Aim: a gargoyle, wielding a +0 morningstar (heavily damaged, 93% to hit)
The blast of sand hits the gargoyle but does no damage.
The gargoyle is heavily damaged.
The gargoyle hurls a stone arrow at you.
The stone arrow hits you!
Casting: Sandblast (safe; 1% risk of failure)
Confirm with . or Enter, or press ? or * to list all spells.
Aiming: Sandblast (safe; 1% risk of failure)
Press: ? - help, Shift-Dir - straight line, f/p - gargoyle
Aim: a gargoyle, wielding a +0 morningstar (heavily damaged, 93% to hit)
The blast of sand hits the gargoyle.
The gargoyle is severely damaged.
The gargoyle hurls a stone arrow at you.
The stone arrow reflects off an invisible shield around you!
The stone arrow hits the gargoyle but does no damage.
The gargoyle closely misses you.
Casting: Sandblast (safe; 1% risk of failure)
Confirm with . or Enter, or press ? or * to list all spells.
Aiming: Sandblast (safe; 1% risk of failure)
Press: ? - help, Shift-Dir - straight line, f/p - gargoyle
Aim: a gargoyle, wielding a +0 morningstar (severely damaged, 93% to hit)
The blast of sand hits the gargoyle but does no damage.
The gargoyle is severely damaged.
The gargoyle hurls a stone arrow at you.
The stone arrow hits you!
* * * LOW HITPOINT WARNING * * *
Casting: Sandblast (safe; 1% risk of failure)
Confirm with . or Enter, or press ? or * to list all spells.
Aiming: Sandblast (safe; 1% risk of failure)
Press: ? - help, Shift-Dir - straight line, f/p - gargoyle
Aim: a gargoyle, wielding a +0 morningstar (severely damaged, 93% to hit)
The blast of sand hits the gargoyle but does no damage.
The gargoyle is severely damaged.
The gargoyle hurls a stone arrow at you.
The stone arrow hits you!!
You die...

##..)....###. #.#######
#.# ####<# #.#
##....#### #.#
...#.....# '.#
##.....### #.# ##.#..#
#.# #.#..# #)# #..#.##
#@# ##.###.# ##9#
##.#.#.########..##
#.###..##.........#
##.#.####.###..........
###..####.##....#.#####
# ##...........##.# #
######.###.....# ###
#......####


You could see a gargoyle.

Vanquished Creatures
  Erolcha (D:10)
  A boulder beetle (D:10)
  The ghost of sastreii the Ruffian, a novice TrFi (D:6)
  A cyclops (D:11)
  Joseph (D:7)
  An ice statue (D:10)
  Maggie (D:7)
  A spectral unseen horror (D:6)
  An unseen horror (D:10)
  The ghost of Notanamesir the Chopper, an amateur HOMo of Beogh (D:4)
  4 trolls (D:11)
  A hornet (D:11)
  2 shadows
  A wraith (D:11)
  A vampire (D:10)
  10 yaks
  2 wyverns
  A basilisk (D:11)
  A steam dragon (D:6)
  An acid dragon (D:11)
  5 water moccasins
  6 orc warriors
  A hornet zombie (D:6)
  2 sky beasts (D:8)
  3 ice beasts
  4 black bears
  4 ogres
  3 centaurs
  4 kobold brigands
  A bullfrog (D:8)
  5 gnoll sergeants
  5 scorpions
  6 wights
  A killer bee (D:4)
  A spectral centaur (D:6)
  3 howler monkeys
  3 electric eels (D:10)
  5 jellies
  9 orc priests
  Crazy Yiuf (D:4)
  3 hounds
  5 iguanas
  Jessica (D:11)
  Natasha (thrice) (D:4)
  5 orc wizards
  18 gnolls
  9 adders
  An ufetubus (D:6)
  3 worms
  3 dart slugs
  33 orcs
  3 ball pythons
  5 bats
  5 endoplasms
  3 giant cockroaches
  8 goblins
  6 hobgoblins
  2 jackals (D:1)
  5 quokkas
  10 kobolds
  7 rats
244 creatures vanquished.

Vanquished Creatures (collateral kills)
  A foxfire (D:11)
1 creature vanquished.

Vanquished Creatures (others)
  779 foxfires
  3 fungi (D:11)
  14 plants (D:11)
796 creatures vanquished.

Grand Total: 1041 creatures vanquished

Notes
Turn   | Place    | Note
-------+----------+-------------------------------------------
     0 | D:1      | funkygono the Gargoyle Fire Elementalist began the quest
                  | for the Orb.
     0 | D:1      | Reached XP level 1. HP: 10/10 MP: 3/3
   267 | D:1      | Reached XP level 2. HP: 15/15 MP: 1/5
  1016 | D:2      | Reached XP level 3. HP: 10/19 MP: 0/6
  1019 | D:2      | Learned a level 2 spell: Scorch
  1023 | D:2      | Learned a level 3 spell: Kindle Blastsparks
  1356 | D:2      | Reached XP level 4. HP: 24/24 MP: 1/8
  1738 | D:2      | Identified a scroll of acquirement
  1738 | D:2      | Acquired the ring "Peecseip" {Fire rPois Slay+2 Stlth-}
  1879 | D:3      | Reached skill level 3 in Spellcasting
  2008 | D:3      | Found a glowing silver altar of Zin.
  2425 | D:4      | Reached XP level 5. HP: 28/28 MP: 9/9
  2534 | D:4      | Noticed a black bear
  2539 | D:4      | Killed a black bear
  2540 | D:4      | Reached XP level 6. HP: 32/32 MP: 4/11
  2612 | D:4      | Reached skill level 4 in Spellcasting
  2655 | D:4      | Found a runed translucent door.
  2759 | D:4      | Noticed a black bear
  2764 | D:4      | Killed a black bear
  2765 | D:4      | Reached skill level 5 in Fire Magic
  2765 | D:4      | Reached XP level 7. HP: 36/36 MP: 5/13
  3044 | D:4      | Found a runed translucent door.
  3045 | D:4      | Noticed Crazy Yiuf
  3100 | D:4      | Noticed Natasha
  3108 | D:4      | Killed Natasha
  3153 | D:4      | Noticed Natasha
  3158 | D:4      | Killed Natasha
  3311 | D:4      | Noticed Notanamesir's ghost (amateur HOMo)
  3392 | D:4      | Noticed Natasha
  3400 | D:4      | Killed Natasha
  3559 | D:4      | HP: 1/37 [Crazy Yiuf/+4 quarterstaff of chaos (5)]
  3560 | D:4      | Killed Crazy Yiuf
  3756 | D:4      | Learned a level 4 spell: Flame Wave
  3756 | D:4      | Upgraded the game from 0.30-a0-250-g41c1d76940 to
                  | 0.30-a0-263-ge22c4ad894
  3763 | D:5      | Entered Level 5 of the Dungeon
  4017 | D:5      | Reached skill level 1 in Maces & Flails
  4020 | D:5      | Reached skill level 5 in Spellcasting
  4117 | D:5      | Reached XP level 8. HP: 42/42 MP: 8/15
  4726 | D:5      | Found a glowing golden altar of the Shining One.
  5300 | D:6      | Reached skill level 6 in Spellcasting
  5437 | D:6      | Noticed a spectral unseen horror
  5473 | D:6      | Reached skill level 5 in Conjurations
  5534 | D:6      | Found a runed translucent gate.
  5534 | D:6      | Found a runed translucent gate.
  5534 | D:6      | Found a runed translucent gate.
  5540 | D:6      | Noticed sastreii's ghost (novice TrFi)
  5581 | D:6      | Reached XP level 9. HP: 32/46 MP: 10/18
  6198 | D:7      | Found a staircase to the Ecumenical Temple.
  6202 | D:7      | Found Zaptouza's Assorted Antiques.
  6206 | Temple   | Entered the Ecumenical Temple
  6366 | Temple   | Became a worshipper of Vehumet
  6652 | D:7      | Noticed Maggie
  6660 | D:7      | Killed Maggie
  6791 | D:7      | Reached skill level 7 in Spellcasting
  7243 | D:7      | Noticed Joseph
  7252 | D:7      | Killed Joseph
  7253 | D:7      | Reached skill level 1 in Shields
  7869 | D:8      | Reached skill level 8 in Spellcasting
  8258 | D:8      | Found a sacrificial altar of Ru.
  8330 | D:8      | Reached XP level 10. HP: 47/51 MP: 17/22
  8640 | D:9      | Found Lefoamn's Demolitions Depot.
  8660 | D:9      | Found a transporter.
  8661 | D:9      | Noticed an ice statue
  8663 | D:9      | Noticed a two-headed ogre
  8707 | D:9      | Reached * piety under Vehumet
  8707 | D:9      | Offered knowledge of Sandblast by Vehumet.
  8883 | D:9      | Noticed Supernova1's ghost (novice MiBe)
  8891 | D:9      | Identified the +5 scale mail of Unambiguity {Will+ Dex-5
                  | SInv}
  9196 | D:9      | Found a transporter.
  9211 | D:9      | Noticed an ice statue
  9214 | D:9      | Noticed a boulder beetle
  9216 | D:9      | Noticed an oklob plant
  9410 | D:9      | Learned a level 1 spell: Sandblast
  9525 | D:4      | Killed Notanamesir's ghost
  9624 | D:6      | Killed a spectral unseen horror
  9625 | D:6      | Reached skill level 9 in Spellcasting
  9628 | D:6      | Reached skill level 1 in Fighting
  9628 | D:6      | Killed sastreii's ghost
  9692 | D:6      | Learned a level 4 spell: Olgreb's Toxic Radiance
  9949 | D:10     | Entered Level 10 of the Dungeon
 10040 | D:10     | Found a hazy altar of Hepliaklqana.
 10040 | D:10     | Found an ancient bone altar of Kikubaaqudgha.
 10048 | D:10     | Found a bloodstained altar of Trog.
 10050 | D:10     | Found a sparkling altar of Nemelex Xobeh.
 10052 | D:10     | Found a burning altar of Makhleb.
 10149 | D:10     | Reached skill level 1 in Earth Magic
 10218 | D:10     | Noticed Erolcha
 10228 | D:10     | Killed Erolcha
 10229 | D:10     | Reached XP level 11. HP: 54/56 MP: 13/24
 10474 | D:10     | Found Upo Xoru's General Store.
 10521 | D:10     | Bought a scroll of identify for 28 gold pieces
 10608 | D:10     | Reached ** piety under Vehumet
 10778 | D:10     | Offered knowledge of Freeze by Vehumet.
 10858 | D:10     | Reached skill level 10 in Spellcasting
 11477 | D:10     | Acquired 849 gold pieces
 12149 | D:10     | Identified the amulet of Equivalence {Spirit rPois}
 12447 | D:11     | Noticed a boulder beetle
 12482 | D:10     | Killed a boulder beetle
 12659 | D:11     | Found a staircase to the Lair.
 12761 | D:11     | Reached skill level 11 in Spellcasting
 13132 | D:11     | Identified the +6 mace of Duty {antimagic, rN+ Int+5}
 13147 | D:11     | Reached skill level 10 in Fire Magic
 13147 | D:11     | Reached skill level 1 in Poison Magic
 13180 | D:11     | Noticed a cyclops
 13185 | D:11     | Killed a cyclops
 13185 | D:11     | Offered knowledge of Frozen Ramparts by Vehumet.
 13471 | D:11     | Found a sparkling altar of Nemelex Xobeh.
 13622 | D:11     | Noticed Jessica
 13624 | D:11     | Killed Jessica
 13707 | D:11     | Reached *** piety under Vehumet
 13724 | D:11     | Killed from afar by a gargoyle

Illustrated notes

Levels and vault maps discovered:
D:1:      kennysheep_arrival_seaside, layout_rooms, serial_glass,
          glass_columns_a, glass_columns_b, hex_tiny, fountainhead
D:2:      layout_rooms
D:3:      layout_rooms, mainiacjoe_overflow_catwalk
D:4:      layout_rooms, ebering_ghost_inner_flame, uniq_crazy_yiuf_cottage,
          uniq_natasha
D:5:      layout_loops_corners, tso_altar
D:6:      layout_loops_ring, gammafunk_ghost_necromancy
D:7:      layout_loops_corners, minmay_temple_entry_stoned_glass, serial_shops,
          shop, uniq_joseph, uniq_maggie
D:8:      layout_gridville, old_standard_altar, serial_glass, glass_columns_b,
          glass_columns_a, glass_columns_c, glass_columns_a,
          amcnicky_mini_rare_corridor_liquid
D:9:      layout_long_grid, nzn_ghost_randoct, nicolae_blasting_shop
D:10:     statuecave_lemuel, layout_basic, chequers_temple_overflow_minitemple,
          serial_shops, shop, uniq_erolcha
D:11:     layout_loops_cross, minmay_lair_entry_grove,
          kennysheep_orc_monster_closet_entryway, st_stairs_11,
          kennysheep_flooded_box, nemelex_lonely_heart_becter
Temple:   minmay_temple_curvy_branch

Skill      XL: |  1  2  3  4  5  6  7  8  9 10 11 |
---------------+----------------------------------+-----
Fire Magic     | 4 5 7 8 9 10 | 10.1
Conjurations   | 2 3 5 6 7 8 |  8.2
Spellcasting   | 3 4 5 6 8 9 11 | 11.2
Dodging        | 2 3 4 |  4.1
Maces & Flails | 1 2 3 |  3.3
Shields        | 1 2 |  2.8
Fighting       | 1 |  1.4
Earth Magic    | 2 4 |  4.8
Poison Magic   | 1 |  1.5
Stealth        | |  2.1
Evocations     | |  0.1

Action                   |  1- 3 |  4- 6 |  7- 9 | 10-12 || total
-------------------------+-------+-------+-------+-------++-------
Melee: Unarmed           |     1 |       |       |       ||     1
       Mace              |     4 |       |       |       ||     4
       Morningstar       |       |    14 |    18 |    30 ||    62
       Punch             |       |       |     1 |       ||     1
 Cast: Foxfire           |    61 |    60 |   164 |   170 ||   455
       Scorch            |       |     5 |    49 |    26 ||    80
       Flame Wave        |       |       |       |    33 ||    33
       Sandblast         |       |       |       |    68 ||    68
       Olgreb's Toxic Ra |       |       |       |     2 ||     2
Evoke: Wand              |       |       |       |     7 ||     7
  Use: Scroll            |     4 |     6 |    11 |    10 ||    31
       Potion            |       |       |       |     4 ||     4
Armor: Robe              |    10 |    12 |     7 |       ||    29
       Steam dragon scal |       |       |    15 |    81 ||    96
Dodge: Dodged            |    15 |     9 |    25 |    86 ||   135
Block: Other             |       |     3 |     9 |    39 ||    51
       Reflection        |       |       |       |     4 ||     4

Table legend: (Time is in decaauts)
 A = Elapsed time spent in this place.
 B = Non-inter-level travel time spent in this place.
 C = Inter-level travel time spent in this place.
 D = Time resting spent in this place.
 E = Time spent auto-exploring this place.
 F = Levels seen in this place.
 G = Mean time per level.
                   A        B        C        D        E       F      G
               +--------+--------+--------+--------+--------+-----+--------+
         Total |  13800 |  13331 |    469 |    819 |  10189 |  12 | 1150.0 |
       Dungeon |  13542 |  13079 |    463 |    819 |   9945 |  11 | 1231.1 |
        Temple |    258 |    253 |      5 |      0 |    244 |   1 |  258.0 |
               +--------+--------+--------+--------+--------+-----+--------+

Top non-repeatable levels by time:
    D:10: 2673 daAuts
     D:4: 1448 daAuts
     D:5: 1354 daAuts
     D:7: 1344 daAuts
     D:6: 1249 daAuts
    D:11: 1148 daAuts
     D:9: 1059 daAuts
     D:1: 974 daAuts
     D:8: 881 daAuts
     D:2: 775 daAuts
     D:3: 632 daAuts
  Temple: 258 daAuts
